AoeStats
← Chaves

Arena

504677969Analyzed
1v1 RM · 27d ago on Sep 6, 2026· 28m 28s· 2 players
Game mode
Random Map
Map size
Tiny (2 player)
Population
200
Speed
Normal
Resources
Standard
Victory
Conquest
Starting age
Dark Age
Ending age
Imperial Age
RankedLock teamsTeams togetherTeam positionsShared explorationLock speedFull tech treeHidden civsTurbo modeCheats
Victory
Defeat
🇧🇷 Japanese · Brazil
947
+14
🇨🇦 Portuguese · Canada
914
-14
Shanks
11:38 Feudal Age
14:27 Stone Mining
16:49 Castle Age
15:00 Loom
16:09 Double-Bit Axe
17:03 Gold Mining
20:51 Wheelbarrow
20:02 Town Watch
21:00 Horse Collar
25:02 Bow Saw
28:24 Hand Cart
Chaves
11:09 Feudal Age
11:56 Loom
11:57 Town Watch
12:04 Double-Bit Axe
15:24 Horse Collar
18:10 Castle Age
16:43 Gold Mining
17:32 Forging
17:49 Scale Mail Armor
19:06 Squires
20:59 Wheelbarrow
20:37 Bow Saw
21:57 Arson
24:53 Chain Mail Armor
Connection lost

Rejoining the realm…

Still unreachable

The connection could not be restored.

Session expired

The server has moved on; the page needs a fresh start.